 Dungeon Crawl Stone Soup version 0.17-a0-1210-g1e4f09d (webtiles) character file.

915 Hanyuu the Cleaver (level 8, 0/70 HPs)
             Began as a Hill Orc Gladiator on June 3, 2015.
             Was a Follower of Makhleb.
             Slain by a wyvern (10 damage)
             ... on level 5 of the Dungeon.
             The game lasted 00:18:24 (6465 turns).

Hanyuu the Cleaver (Hill Orc Gladiator)             Turns: 6465, Time: 00:18:24

Health: 0/70       AC:  7    Str: 18    XL:     8   Next: 9%
Magic:  8/8        EV: 11    Int: 10    God:    Makhleb [*.....]
Gold:   240        SH:  0    Dex: 11    Spells: 0 memorised, 7 levels left

rFire  . . .     SeeInvis .     a - +1 war axe
rCold  + . .     Clarity  .     g - +1 ring mail
rNeg   . . .     SustAt   .     (no shield)
rPois  .         Gourm    .     c - +0 helmet
rElec  .         Spirit   .     (no cloak)
rCorr  .         Warding  .     (no gloves)
rMut   .         Stasis   .     (no boots)
MR     ++...                    (no amulet)
Stlth  ..........               z - ring of protection from cold
                                o - ring of protection from magic

@: confused, very resistant to hostile enchantments, extremely unstealthy
A: high mp 1, magic resistance 1, sense surroundings 1
a: Renounce Religion


You were on level 5 of the Dungeon.
You worshipped Makhleb.
Makhleb was aware of your devotion.
You were hungry.

You visited 2 branches of the dungeon, and saw 7 of its levels.

You collected 240 gold pieces.

Inventory:

Hand weapons
 a - a +1 war axe (weapon)
Missiles
 d - 3 throwing nets
 l - 6 javelins (quivered)
 r - 7 tomahawks
 w - 18 poisoned needles
Armour
 b - a +0 leather armour
 c - a +0 helmet (worn)
 g - a +1 ring mail (worn)
Jewellery
 o - a ring of protection from magic (left hand)
 z - a ring of protection from cold (right hand)
Scrolls
 n - a scroll of enchant weapon
 v - 2 scrolls of remove curse
Potions
 e - a potion of cure mutation
 p - a potion of resistance
 q - 3 potions of curing
Books
 y - a book of the Tempests

   Spells                             Type                      Level
   a - Static Discharge               Conjuration/Air              3
   b - Lightning Bolt                 Conjuration/Air              5
   c - Fireball                       Conjuration/Fire             5
   d - Tornado                        Air                          9
   e - Shatter                        Earth                        9
Comestibles
 f - a royal jelly
 h - 2 meat rations
 k - 2 bread rations


   Skills:
 + Level 5.7 Fighting
 * Level 10.2 Axes
 - Level 2.0 Throwing
 + Level 2.9 Armour
 - Level 2.4 Dodging


You had 7 spell levels left.
You didn't know any spells.

Dungeon Overview and Level Annotations

Branches:
Dungeon (6/15)             Temple (1/1) D:4

Altars:
Ashenzari
Cheibriados
Elyvilon
Fedhas
Makhleb
Nemelex Xobeh
Okawaru
Qazlal
Zin

Shops:
D:4 (

Annotations:
D:3 Hanyuu's ghost, average HOGl
D:4 exclusion: oklob plant
D:6 Menkaure


Innate Abilities, Weirdness & Mutations

You have an increased reservoir of magic (+10% MP).
You are resistant to hostile enchantments.
You passively map a small area around you.


Message History

You feel invigorated. The wyvern bites you!
* * * LOW HITPOINT WARNING * * *
The centaur zombie hits you.
* * * LOW HITPOINT WARNING * * *
The wyvern bites you but does no damage.
The wyvern misses you.
Your ring mail prevents you from hitting the wyvern.
The wyvern is lightly wounded.
You hit the centaur zombie but do no damage.
The wyvern bites you!
* * * LOW HITPOINT WARNING * * *
The centaur zombie hits you.
* * * LOW HITPOINT WARNING * * *
The wyvern bites you.
* * * LOW HITPOINT WARNING * * *
The centaur zombie hits you but does no damage.
You hit the wyvern.
The wyvern is moderately wounded.
The wyvern bites you!
You die...

,, #...###........ ,
###...#####......
*#................ ,
#.########....... * #.##
..... * #..# , .... *
##.# #### *####
##..#####.###..# *
#......@lZ....## ,
#....####.####.# ,
##...#* #..##..# ,
#...####.##..# ,* *
,.............# , .
........>....#########
.......................
###.#####.........####..
.............###### ##.


You could see a wyvern (inner flame) and a centaur zombie (inner flame).

Vanquished Creatures
  A water moccasin (D:3)
  An ogre (D:4)
  A phantom (D:4)
  A scorpion (D:4)
  3 orc priests
  2 crimson imps
  Crazy Yiuf (D:4)
  2 worker ants (D:4)
  6 orc wizards
  3 gnolls (D:5)
  6 adders
  3 oozes (D:1)
  An adder skeleton (D:4)
  An adder zombie (D:5)
  10 orcs
  7 bats
  A bat skeleton (D:5)
  12 goblins
  10 hobgoblins
  7 jackals
  6 quokkas
  A ball python (D:3)
  2 giant cockroaches
  3 giant geckos
  2 giant newts
  8 kobolds
  7 rats
  A plant (D:1)
109 creatures vanquished.

Vanquished Creatures (others)
  A butterfly (D:4)
1 creature vanquished.

Grand Total: 110 creatures vanquished

Notes
Turn   | Place    | Note
--------------------------------------------------------------
     0 | D:1      | Hanyuu the Hill Orc Gladiator began the quest for the Orb.
     0 | D:1      | Reached XP level 1. HP: 18/18 MP: 1/1
   139 | D:1      | Reached XP level 2. HP: 25/25 MP: 2/2
   193 | D:1      | Reached skill level 5 in Axes
   201 | D:1      | Reached skill level 1 in Armour
   216 | D:1      | Reached XP level 3. HP: 25/30 MP: 3/3
   973 | D:2      | Reached XP level 4. HP: 25/37 MP: 4/4
  1546 | D:2      | Reached skill level 6 in Axes
  1741 | D:3      | Found a stormy altar of Qazlal.
  1981 | D:3      | Found an iron altar of Okawaru.
  2026 | D:3      | Reached XP level 5. HP: 13/42 MP: 5/5
  2095 | D:3      | Gained mutation: You are resistant to hostile enchantments. [potion of mutation]
  2095 | D:3      | Gained mutation: You passively map a small area around you. [potion of mutation]
  2095 | D:3      | Gained mutation: You have an increased reservoir of magic (+10% MP). [potion of mutation]
  2098 | D:3      | Noticed Hanyuu's ghost (average HOGl)
  2686 | D:3      | Noticed a water moccasin
  2704 | D:3      | Killed a water moccasin
  2704 | D:3      | Reached skill level 7 in Axes
  2704 | D:3      | Reached XP level 6. HP: 24/51 MP: 6/6
  3185 | D:4      | Found Vulia's Weapon Shoppe.
  3300 | D:4      | Found a staircase to the Ecumenical Temple.
  3365 | Temple   | Entered the Ecumenical Temple
  3420 | Temple   | Became a worshipper of Makhleb the Destroyer
  3485 | D:4      | Found a blossoming altar of Fedhas.
  3503 | D:4      | Noticed an oklob plant
  3721 | D:4      | Found a snail-covered altar of Cheibriados.
  3840 | D:4      | Reached skill level 8 in Axes
  3866 | D:4      | Reached XP level 7. HP: 47/60 MP: 7/7
  4163 | D:4      | Noticed Crazy Yiuf
  4170 | D:4      | Killed Crazy Yiuf
  4170 | D:4      | Reached skill level 9 in Axes
  4706 | D:4      | Reached skill level 5 in Fighting
  4795 | D:5      | Entered Level 5 of the Dungeon
  5086 | D:5      | Acquired Makhleb's first power
  5676 | D:5      | Reached skill level 10 in Axes
  5677 | D:5      | Reached XP level 8. HP: 56/69 MP: 8/8
  5840 | D:5      | Noticed a wyvern
  6361 | D:6      | Noticed Menkaure
  6463 | D:5      | HP: 2/70 [wyvern (4)]
  6465 | D:5      | Slain by a wyvern

Vault maps used:
D:1:      minmay_arrival_open_corners, serial_bayou_lagoon_a, minivault_5
D:2:      kennysheep_generic_room_15
D:3:      okawaru_trees_1, nicolae_qazlal_general_emergency,
          minmay_misc_feat_room
D:4:      old_standard_altar, tgw_fedhas, minmay_temple_entry_trees,
          serial_shops, shop_statue, uniq_crazy_yiuf_cottage
D:5:      lemuel_coloured_pillars_altar, basic_altar, first_bread
D:6:      uniq_sigmund, uniq_edmund, uniq_menkaure
Temple:   nicolae_temple_figure_eight

Action                   |  1- 3 |  4- 6 |  7- 9 || total
-------------------------+-------+-------+-------++-------
Melee: War axe           |   108 |   166 |   123 ||   397
Throw: Javelin           |       |     6 |     4 ||    10
       Throwing net      |       |     1 |       ||     1
  Use: Scroll            |     5 |     7 |     7 ||    19
       Potion            |       |     2 |     2 ||     4
  Eat: Chunk             |       |     5 |     2 ||     7
       Bread ration      |       |     1 |     1 ||     2
       Beef jerky        |       |       |     1 ||     1
